 Dungeon Crawl Stone Soup version 0.20-a0-1016-g241539b (webtiles) character file.

349 Denreik the Shield-Bearer (level 6, 34/43 HPs)
             Began as a Formicid Chaos Knight on Apr 16, 2017.
             Was an Initiate of Gozag.
             Quit the game on level 3 of the Dungeon.
             The game lasted 00:19:15 (2250 turns).

Denreik the Shield-Bearer (Formicid Chaos Knight)   Turns: 2250, Time: 00:19:16

Health: 34/43      AC:  6    Str: 19    XL:     6   Next: 92%
Magic:  6/6        EV: 11    Int: 11    God:    Gozag
Gold:   51         SH:  5    Dex: 10    Spells: 5/5 levels left

rFire    . . .     SeeInvis +   a - +0 spear (chaos)
rCold    . . .     Gourm    .   j - +0 buckler
rNeg     . . .     Faith    .   b - +2 leather armour
rPois    .         Spirit   .   (helmet unavailable)
rElec    .         Reflect  .   (no cloak)
rCorr    .         Harm     .   (no gloves)
MR       .....                  (no boots)
Stlth    +.........             (no amulet)
Regen    0.2/turn               (no ring)
MPRegen  0.1/turn               (no ring)

@: no status effects
A: permanent stasis, dig shafts and tunnels, four strong arms, antennae 3, frail
1, shaggy fur 1
a: Dig, Shaft Self, Potion Petition, Call Merchant, Bribe Branch, Renounce
Religion


You were on level 3 of the Dungeon.
You worshipped Gozag.
Gozag was noncommittal.
You were hungry.

You visited 1 branch of the dungeon, and saw 3 of its levels.

You collected 51 gold pieces.

Inventory:

Hand Weapons
 a - a +0 spear of chaos (weapon)
 o - a +0 hunting sling
 r - a -1 scythe
 w - a +0 antimagic spear
Missiles
 d - 10 sling bullets
 x - 15 bolts
Armour
 b - a +2 leather armour (worn)
 j - a +0 buckler (worn)
 y - a +0 scale mail
Jewellery
 m - an uncursed ring of positive energy
Wands
 l - a wand of polymorph (14/24)
 q - a wand of random effects (14/48)
Scrolls
 f - a scroll of amnesia {unknown}
 g - a scroll of random uselessness {unknown}
 h - 5 scrolls of identify
 i - a scroll of immolation {unknown}
 k - a scroll of remove curse
 t - a scroll of fear
 u - a scroll of recharging {unknown}
 B - a scroll of teleportation {unknown}
Potions
 e - a potion of flight
 n - a potion of curing {unknown}
 s - a potion of cancellation {unknown}
 v - a potion of haste {unknown}
 A - a potion of ambrosia {unknown}
Comestibles
 c - 2 bread rations
 p - 2 fruits
 z - 4 chunks of flesh
 C - a royal jelly


   Skills:
 - Level 4.0 Fighting
 - Level 3.7 Polearms
 - Level 2.5 Armour
 - Level 1.4 Dodging
 * Level 6.2 Shields


You had 5 spell levels left.
You didn't know any spells.

Dungeon Overview and Level Annotations

Branches:
Dungeon (3/15)

Altars:
Ashenzari
Fedhas
Gozag
Okawaru


Innate Abilities, Weirdness & Mutations

You cannot be hasted, slowed, berserked, paralysed or teleported.
You can dig through walls and to a lower floor.
Your four strong arms can wield two-handed weapons with a shield.
You have a pair of large antennae on your head. (SInv)
You are frail. (-10% HP)
You are covered in fur. (AC +1)


Message History

Where to? (Enter - D:1 @ (x,y), ? - help)
Okay, then.
Autopickup is now off.
Unknown command.
Press < or > to pray at altars.
Okay, then.
You remove your ring of positive energy.
Unknown command.
Press < or > to pray at altars.
Unknown command.
Press < or > to pray at altars.
Unknown command.
Press < or > to pray at altars.
Unknown command.
Press < or > to pray at altars.
Unknown command.
Press < or > to pray at altars.
Unknown command.
Press < or > to pray at altars.
Are you sure you want to abandon this character and quit the game? (Confirm with "yes".)

#.# #.#
#.# #.####
#....#
###.##.#
#......#
#..#...#
#.#@#..# {
#..#..##
........#
###.....##
#######


There were no monsters in sight!

Vanquished Creatures
  Sigmund (D:2)
  A hound (D:3)
  An orc wizard (D:3)
  Terence (D:3)
  An adder (D:2)
  An ooze (D:1)
  2 worms (D:3)
  2 dart slugs (D:1)
  2 leopard geckos
  6 orcs (D:3)
  An orc (shapeshifter) (D:3)
  2 ball pythons
  5 giant cockroaches
  6 goblins
  11 hobgoblins
  8 jackals
  8 bats
  2 frilled lizards
  11 kobolds
  8 rats
80 creatures vanquished.

Vanquished Creatures (collateral kills)
  A worm (D:2)
  A rat (D:2)
2 creatures vanquished.

Grand Total: 82 creatures vanquished

Notes
Turn   | Place    | Note
-------+----------+-------------------------------------------
     0 | D:1      | Denreik the Formicid Chaos Knight began the quest for the Orb.
     0 | D:1      | Reached XP level 1. HP: 18/18 MP: 1/1
    43 | D:1      | Reached XP level 2. HP: 24/24 MP: 2/2
   140 | D:1      | XOM: divination: detect items
   165 | D:1      | Reached skill level 1 in Dodging
   182 | D:1      | Found a shattered altar of Ashenzari.
   185 | D:1      | XOM: potion effect (agility)
   188 | D:1      | Reached XP level 3. HP: 27/30 MP: 3/3
   196 | D:1      | XOM: harmless Summ miscast
   337 | D:1      | XOM: harmless Fire miscast
   393 | D:1      | XOM: harmless Conj miscast
   552 | D:1      | XOM: divination: magic mapping
   735 | D:1      | Reached XP level 4. HP: 37/37 MP: 4/4
   909 | D:2      | Found a blossoming altar of Fedhas.
   963 | D:2      | XOM: confuse monster(s)
  1152 | D:2      | Reached skill level 1 in Shields
  1174 | D:2      | XOM: cast spell 'Call Canine Familiar'
  1212 | D:2      | Noticed Sigmund
  1222 | D:2      | Killed Sigmund
  1222 | D:2      | Reached skill level 4 in Shields
  1222 | D:2      | Reached XP level 5. HP: 28/42 MP: 5/5
  1222 | D:2      | Reached XP level 6. HP: 32/48 MP: 6/6
  1242 | D:2      | Reached skill level 5 in Shields
  1701 | D:3      | Noticed Terence
  1720 | D:3      | Killed Terence
  2111 | D:3      | Gained mutation: You are covered in fur. (AC +1) [mutagenic meat]
  2112 | D:3      | Gained mutation: You are frail. (-10% HP) [mutagenic meat]
  2177 | D:3      | Found an iron altar of Okawaru.
  2184 | D:3      | Reached skill level 6 in Shields
  2241 | D:3      | Found a faded altar of an unknown god.
  2248 | D:3      | Fell from the grace of Xom
  2248 | D:3      | Became a worshipper of Gozag Ym Sagoz the Greedy
  2250 | D:3      | Quit the game

Vault maps used:
D:1:      roderic_chinese_lattice_arrival, nicolae_ashenzari_panopticon
D:2:      overflow_temple_1_default, grunt_ministairs_11, uniq_sigmund
D:3:      nicolae_overflow_crystal_walls, old_standard_altar,
          chequers_ecumenical_altar_simple, nrook_mini_vaults, uniq_terence

Skill      XL: |  1  2  3  4  5  6 |
---------------+-------------------+-----
Dodging        | 1 |  1.4
Fighting       | 4 |  4.0
Shields        | 4 6 |  6.2
Polearms       | |  3.7
Armour         | |  2.5

Action                   |  1- 3 |  4- 6 || total
-------------------------+-------+-------++-------
Melee: Spear             |    88 |   186 ||   274
 Abil: Dig               |     4 |     7 ||    11
  Use: Scroll            |       |     4 ||     4
 Stab: Paralysed         |       |     4 ||     4
       Confused          |       |     2 ||     2
  Eat: Chunk             |       |     8 ||     8
Armor: Leather armour    |    32 |    38 ||    70
Dodge: Dodged            |    65 |    61 ||   126
Block: Buckler           |       |    18 ||    18
